Map: Ruins of Seras

Players

Pokebunny

  • Race: Terran Terran
  • League: Grandmaster
  • Spawn Location: 5:00

Spit - Winner!

  • Race: Zerg Zerg
  • League: Grandmaster
  • Spawn Location: 3:00

VOD

Have the link to the VOD?

Description

Time

  • Played on: March 9, 2016, 3:51 p.m.
  • Length: 21:38
Show
View Real Time Build Order
Export as new Build Order

Pokebunny Terran 

Build Orders: Liberator Opening, Reaper Expand 

Get SALT Encoding   

  12  0:01  SCV  
  13  0:13  SCV  
  14  0:18  Supply Depot  
  14  0:25  SCV  
  15  0:40  SCV  
  15  0:41  Barracks  
  16  0:46  Refinery  
  16  0:52  SCV  
  17  1:04  SCV  
  18  1:16  SCV  
  19  1:28  Orbital Command  
  19  1:29  Reaper  
  20  1:46  Command Center  
  20  1:54  Supply Depot  
  20  1:55  SCV  
  21  2:01  Marine  
  21  2:07  SCV  
  23  2:12  Factory  
  23  2:18  Refinery  
  23  2:19  SCV  
  24  2:23  Barracks Reactor  
  24  2:46  SCV  
  25  3:03  SCV, Orbital Command  
  26  3:11  Starport  
  26  3:20  Command Center  
  26  3:25  Hellion x2  
  31  3:27  SCV  
  31  3:29  SCV  
  31  3:32  Liberator, Barracks Tech Lab  
  32  3:48  Hellion x2  
  35  3:51  SCV x2  
  40  4:04  SCV  
  40  4:05  SCV  
  40  4:06  Marine  
  40  4:07  Stimpack  
  43  4:17  Barracks  
  43  4:18  SCV, Barracks  
  43  4:19  SCV  
  43  4:20  Factory Reactor  
  45  4:30  SCV  
  45  4:31  SCV, Supply Depot  
  46  4:37  Starport Reactor  
  47  4:43  SCV  
  47  4:44  Marine, SCV  
  50  4:45  Orbital Command  
  47  5:17  Marine  
  47  5:18  Marine  
  47  5:20  Medivac x2  
  47  5:21  SCV x2  
  53  5:23  Refinery x2  
  53  5:26  Engineering Bay  
  53  5:27  Marine x3, Factory Tech Lab, Engineering Bay  
  52  5:29  SCV  
  52  5:33  SCV x2  
  53  5:35  Marine x2  
  53  5:41  SCV  
  56  5:45  Marine x2, SCV x2  
  56  5:47  Marine  
  60  5:50  Medivac x2, Siege Tank  
  60  5:53  Marine x2  
  68  6:01  Orbital Command  
  68  6:02  Marine  
  68  6:03  Terran Infantry Weapons Level 1  
  68  6:08  Terran Infantry Armor Level 1, SCV  
  69  6:20  Supply Depot  
  69  6:21  Supply Depot  
  69  6:22  Supply Depot  
  69  6:32  Combat Shield  
  69  6:41  Marine x5, SCV x3  
  69  6:43  Barracks  
  69  6:44  Barracks  
  69  6:47  Command Center  
  67  7:09  Marine x5  
  67  7:11  SCV x3  
  71  7:18  Medivac x2, Siege Tank  
  76  7:24  SCV x3  
  76  7:27  Marine  
  76  7:28  Marine x4  
  84  7:33  Barracks Reactor x2  
  84  7:37  Armory, Missile Turret  
  84  7:38  Supply Depot x2  
  84  7:51  Marine  
  84  7:52  Marine x4  
  84  7:54  Siege Tank  
  84  7:58  Medivac x2  
  96  8:02  Supply Depot  
  96  8:05  Supply Depot  
  96  8:06  Supply Depot  
  96  8:09  Marine x3  
  96  8:10  Marine x2  
  98  8:28  Siege Tank  
  98  8:29  Marine x4, Marauder  
  107  8:47  SCV x3  
  106  8:49  Marine  
  106  8:50  Marine x7  
  106  8:51  Terran Infantry Armor Level 2, Marauder, Terran Infantry Weapons Level 2  
  116  8:58  Barracks  
  116  9:00  Barracks  
  116  9:01  Siege Tank  
  116  9:02  Barracks  
  119  9:05  SCV x3  
  119  9:07  Marine  
  119  9:08  Marine, Refinery  
  119  9:09  Refinery  
  124  9:19  Marine  
  124  9:20  Marine x5, Marauder  
  132  9:24  Supply Depot  
  132  9:25  Marine  
  128  9:35  Medivac, Siege Tank  
  128  9:36  Medivac  
  117  9:54  Barracks Tech Lab, Marine x4, Marauder  
  117  9:55  Barracks Tech Lab, Marine x2, Barracks Reactor  
  117  9:56  Marine x2  
  117  9:57  Terran Vehicle Weapons Level 1  
  117  9:59  SCV x3  
  127  10:11  Marine, Siege Tank  
  127  10:12  Marine x3  
  127  10:14  Supply Depot  
  134  10:15  Marauder  
  134  10:16  Supply Depot  
  134  10:17  SCV x3  
  134  10:18  Planetary Fortress  
  116  10:40  Marine x2, Marauder  
  116  10:41  Marine x3, Marauder x2  
  118  10:49  SCV x2  
  121  10:50  SCV  
  121  10:52  Marine x4, Siege Tank  
  121  10:53  Marine  
  121  10:56  Factory  
  129  10:57  Marine, Supply Depot  
  129  10:58  Marine, Concussive Shells, Supply Depot  
  129  10:59  Marine x3  
  129  11:00  SCV  
  129  11:01  Marauder, SCV x2  
  129  11:02  Marine, Marauder, SCV  
  143  11:10  Marine x2  
  132  11:24  Command Center  
  132  11:25  Marine x3, Siege Tank  
  139  11:26  Marine  
  139  11:29  Terran Infantry Armor Level 3  
  139  11:30  Terran Infantry Weapons Level 3  
  137  11:45  Marine x3  
  137  11:46  Marine x8, Marauder x2  
  152  11:50  Factory Tech Lab  
  152  11:57  Siege Tank  
  148  12:28  Marine x5, Marauder x2  
  148  12:29  Marine  
  154  12:37  Marine, Marauder  
  154  12:38  Medivac x2, Siege Tank  
  154  12:39  Siege Tank  
  167  12:50  Marauder  
  169  12:56  Marine, Marauder  
  169  12:57  Marine x9  
  181  12:59  Marauder  
  181  13:05  Supply Depot  
  182  13:06  Supply Depot  
  182  13:07  Planetary Fortress  
  182  13:08  Medivac x2  
  182  13:10  Marine, Siege Tank  
  182  13:11  Siege Tank  
  168  13:14  Starport, Marine x2  
  168  13:18  Marauder  
  149  13:20  Marauder  
  149  13:21  Liberator x2  
  133  13:54  Siege Tank  
  133  13:55  Marine x4, Marauder x2, Siege Tank  
  142  13:56  Marine x5  
  133  14:07  Liberator x2  
  120  14:17  Marine x3, Marauder x2  
  122  14:34  Command Center  
  122  14:42  Terran Vehicle Weapons Level 2  
  122  14:47  Starport Tech Lab  
  122  14:52  Refinery  
  122  14:53  Refinery  
  122  14:57  Siege Tank x2  
  128  15:00  Liberator  
  128  15:04  Fusion Core  
  128  15:07  Medivac x2  
  130  15:13  Marine x6  
  130  15:14  Marine x7  
  148  15:26  Liberator x2  
  148  15:31  Marine x3  
  151  15:38  Marine  
  151  15:39  Marine x6  
  164  15:50  Command Center, Marine  
  164  15:51  Marine x5  
  164  15:52  Advanced Ballistics  
  164  15:56  Marine  
  164  15:57  Marine  
  171  16:00  Medivac  
  171  16:03  Marine  
  175  16:09  Marauder  
  177  16:12  Liberator x2  
  177  16:13  Liberator  
  177  16:15  Marine x4  
  177  16:16  Marine x3  
  177  16:17  Marine  
  193  16:37  Marine  
  193  16:38  Marine x2, Marauder  
  194  16:50  Marine x2, Marauder x2  
  200  17:09  Command Center  
  200  17:17  Terran Ship Weapons Level 1  
  200  17:25  Armory  
  176  17:37  Refinery  
  107  18:00  Siege Tank  
  107  18:01  Marine x11  
  107  18:02  Marine x2  
  117  18:06  Medivac x2  
  112  18:18  Marine  
  112  18:19  Marine x2  
  115  18:25  Marine x2  
  115  18:26  Marine  
  118  18:38  Refinery  
  118  18:49  Liberator x3  
  112  19:08  Marine  
  112  19:09  Marine x11, Siege Tank x2  
  130  19:16  Terran Ship Weapons Level 2  
  130  19:22  Terran Vehicle And Ship Armor Level 1  
  130  19:32  Liberator  
  130  19:42  Refinery  
  130  19:45  Missile Turret x2  
  130  19:46  Missile Turret  
  130  19:47  Missile Turret  
  133  19:53  Liberator x2  
  126  20:10  Siege Tank  
  126  20:11  Siege Tank  
  105  20:37  Liberator x2  
Show
View Real Time Build Order
Export as new Build Order

Spit Zerg - Winner!

Build Orders: Hatch First 

Get SALT Encoding   

  12  0:00  Drone  
  13  0:14  Overlord  
  13  0:17  Drone  
  14  0:32  Drone x2  
  16  0:36  Drone  
  17  0:55  Hatchery  
  16  0:57  Drone  
  16  1:00  Drone  
  18  1:06  Extractor  
  18  1:09  Drone  
  18  1:23  Spawning Pool  
  18  1:24  Drone  
  18  1:31  Drone  
  19  1:40  Overlord  
  19  1:52  Drone  
  20  2:10  Queen x2  
  20  2:11  Metabolic Boost  
  20  2:13  Zergling x2  
  25  2:17  Zergling x2  
  25  2:18  Zergling x2  
  25  2:21  Drone  
  28  2:24  Drone  
  28  2:32  Drone, Extractor  
  28  2:38  Drone  
  28  2:43  Overlord  
  29  2:46  Drone  
  30  2:52  Drone  
  30  2:55  Drone  
  33  2:59  Queen  
  33  3:03  Drone  
  36  3:07  Drone  
  37  3:13  Drone  
  37  3:17  Drone  
  39  3:20  Drone x3  
  41  3:29  Overlord  
  41  3:31  Drone x2  
  41  3:32  Drone  
  44  3:40  Overlord  
  44  3:43  Overlord  
  44  3:45  Hatchery  
  42  3:48  Drone x2  
  42  3:53  Evolution Chamber  
  43  3:56  Roach Warren  
  43  4:00  Zergling x4  
  43  4:01  Zergling x4  
  45  4:05  Zergling x2  
  45  4:09  Drone  
  47  4:13  Spore Crawler  
  47  4:15  Drone x3, Spore Crawler  
  48  4:18  Queen  
  50  4:33  Drone  
  50  4:34  Drone x4  
  50  4:36  Overlord  
  54  4:39  Extractor, Zerg Ground Armor Level 1  
  54  4:41  Drone x2  
  55  4:49  Drone  
  56  4:53  Drone  
  56  4:57  Zergling x2  
  56  4:58  Zergling x2  
  59  5:03  Drone  
  60  5:10  Drone x4  
  61  5:19  Drone x4  
  61  5:20  Drone x2  
  67  5:26  Overlord  
  67  5:33  Hatchery  
  66  5:38  Drone x2  
  66  5:39  Drone x2  
  66  5:41  Overlord  
  66  5:42  Lair  
  70  5:45  Extractor  
  70  5:48  Drone x2  
  69  5:53  Overlord x2  
  69  5:59  Evolution Chamber  
  69  6:01  Drone x6  
  70  6:05  Spore Crawler  
  70  6:06  Extractor  
  70  6:08  Extractor, Zergling x4  
  69  6:12  Extractor  
  69  6:14  Drone x3  
  69  6:15  Zergling x4  
  69  6:16  Zergling x4  
  75  6:20  Zergling x4  
  77  6:25  Zerg Missile Weapons Level 1  
  77  6:29  Roach x3  
  83  6:37  Roach x4  
  91  6:41  Overlord  
  91  6:44  Zerg Ground Armor Level 2  
  91  6:46  Glial Reconstitution  
  91  6:50  Roach x3  
  95  6:57  Roach x3  
  95  6:58  Roach  
  100  7:02  Zergling x8  
  100  7:05  Ravager  
  103  7:11  Overlord  
  103  7:14  Drone x3  
  104  7:19  Roach x5  
  104  7:20  Roach  
  104  7:22  Overlord  
  115  7:28  Infestation Pit  
  114  7:30  Spine Crawler  
  114  7:31  Drone  
  114  7:32  Drone, Spine Crawler  
  114  7:42  Drone x5  
  114  7:43  Drone x2  
  121  7:45  Ravager x3  
  121  7:46  Ravager x5  
  129  7:52  Drone x5  
  129  7:56  Queen  
  136  7:59  Spine Crawler  
  136  8:00  Drone  
  136  8:04  Overlord x2  
  136  8:11  Pathogen Glands, Overlord x2  
  136  8:24  Drone x6  
  138  8:27  Roach x2  
  138  8:28  Roach x4  
  138  8:32  Extractor x2, Roach x2  
  138  8:33  Roach  
  154  8:39  Drone x3  
  154  8:40  Drone x3  
  160  8:45  Roach x4  
  166  8:49  Ravager x2  
  166  8:51  Overlord x2  
  168  9:02  Overlord x2  
  168  9:16  Spore Crawler, Spine Crawler, Hatchery  
  165  9:17  Hive  
  165  9:18  Zerg Missile Weapons Level 2  
  165  9:19  Infestor x4  
  165  9:23  Spine Crawler  
  172  9:24  Pneumatized Carapace  
  172  9:31  Roach x7  
  179  9:47  Infestor x2  
  179  9:50  Roach x2  
  179  9:51  Roach x4  
  189  10:00  Overlord x2  
  179  10:08  Roach x8  
  192  10:16  Overlord x2  
  194  10:21  Roach x4  
  194  10:28  Extractor x2  
  189  10:34  Roach x8  
  200  10:51  Zerg Melee Weapons Level 1, Ultralisk Cavern  
  200  10:52  Spire  
  200  10:55  Zergling x2  
  200  10:56  Zergling x2  
  193  11:16  Roach  
  193  11:17  Roach x3  
  197  11:24  Queen x2  
  199  11:34  Zerg Ground Armor Level 3  
  199  11:38  Zergling x2  
  200  11:43  Chitinous Plating  
  200  11:46  Overlord x2  
  200  11:48  Adrenal Glands  
  200  11:50  Spine Crawler  
  200  11:51  Drone x2, Spine Crawler x2  
  200  11:52  Drone, Spine Crawler  
  200  11:53  Spine Crawler  
  196  11:57  Infestor x4  
  186  12:01  Queen x2  
  186  12:03  Hatchery  
  188  12:09  Ultralisk  
  188  12:10  Ultralisk  
  198  12:36  Ravager  
  198  12:37  Ravager x5  
  199  12:40  Greater Spire  
  198  12:44  Drone x2  
  198  12:47  Overseer  
  183  13:12  Infestor  
  183  13:13  Infestor x2  
  181  13:20  Ultralisk x5  
  182  13:28  Ultralisk x2  
  190  13:38  Zerg Melee Weapons Level 2  
  182  13:50  Ultralisk  
  182  13:54  Ravager x3  
  182  13:55  Zergling x22  
  183  14:04  Ultralisk  
  168  14:16  Corruptor x3  
  171  14:30  Corruptor x2  
  171  14:31  Corruptor  
  175  14:32  Hatchery  
  175  14:33  Drone x3  
  171  14:48  Drone x3  
  171  14:49  Extractor  
  171  14:50  Extractor  
  172  14:54  Zerg Flyer Armor Level 1  
  172  14:56  Brood Lord  
  172  14:57  Brood Lord  
  172  14:58  Brood Lord  
  178  15:07  Roach x5  
  188  15:22  Zerg Missile Weapons Level 3  
  188  15:29  Infestor  
  190  15:44  Corruptor x4  
  198  15:57  Drone x3, Spore Crawler  
  200  16:09  Spine Crawler  
  199  16:19  Spore Crawler  
  199  16:25  Drone x2  
  195  16:32  Corruptor  
  195  16:33  Corruptor  
  199  16:45  Drone x6  
  193  16:49  Brood Lord x4  
  195  16:57  Spine Crawler  
  195  17:01  Spine Crawler x2  
  192  17:09  Zerg Flyer Armor Level 2  
  192  17:11  Zerg Melee Weapons Level 3  
  192  17:18  Corruptor x4  
  194  17:40  Ultralisk x5  
  194  17:41  Ultralisk  
  177  17:44  Corruptor x3  
  177  17:49  Zergling x12  
  175  17:53  Corruptor x2  
  165  18:03  Drone, Extractor  
  165  18:04  Drone x2  
  159  18:06  Roach x4  
  163  18:14  Corruptor x4  
  167  18:22  Queen x2  
  167  18:23  Queen  
  170  18:41  Brood Lord x3  
  170  18:42  Brood Lord  
  177  18:51  Infestor  
  160  19:04  Infestor x2  
  162  19:11  Drone x4  
  162  19:12  Drone x3  
  169  19:21  Infestor x2  
  173  19:31  Drone x2  
  175  19:42  Spore Crawler x2  
  173  19:46  Hatchery  
  166  20:07  Infestor  
  166  20:08  Infestor  
  170  20:14  Ultralisk x3  
  170  20:15  Ultralisk  
  146  20:52  Infestor  
  146  20:53  Infestor x2  
  146  20:59  Ultralisk x2  
  158  21:08  Extractor, Spine Crawler  
  158  21:09  Extractor  
  158  21:10  Spine Crawler  
Tags
 
Add a new tag
Caveats
  • Supply blocks, unpowered buildings, or Contaminate may cause inaccurate times.
  • Supply counts are checked every 10 seconds.